 Dungeon Crawl Stone Soup version 0.23-a0-378-gd7a6ca6 (webtiles) character file.

81 MisterFreud the Sneak (level 4, -4/31 HPs)
             Began as a Felid Transmuter on Oct 27, 2018.
             Splashed by Ijyb's acid (19 damage)
             ... on level 3 of the Dungeon.
             The game lasted 00:10:09 (2881 turns).

MisterFreud the Sneak (Felid Transmuter)            Turns: 2881, Time: 00:10:10

Health: -4/31      AC: 22    Str:  7    XL:     4   Next: 20%
Magic:  8/8        EV:  4    Int: 15    God:
Gold:   143        SH:  0    Dex: 16    Spells: 1/7 levels left
                                        Lives:  0   Deaths: 1

rFire    . . .     SeeInvis +     - Unarmed
rCold    . . .     Gourm    .   (shield unavailable)
rNeg     + + +     Faith    .   (armour unavailable)
rPois    +         Spirit   .   (helmet unavailable)
rElec    .         Reflect  .   (cloak unavailable)
rCorr    .         Harm     .   (gloves unavailable)
MR       .....     NoTele   +   (boots unavailable)
Stlth    +++.......             (no amulet)
HPRegen  0.10/turn              (no ring)
MPRegen  0.11/turn              (no ring)

@: tree-form
A: very small, no armour, no weapons or thrown items, stealth, see invisible,
carnivore, slow metabolism 1
a: no special abilities


You were on level 3 of the Dungeon.
You were very full.
You were a tree.
You visited 1 branch of the dungeon, and saw 3 of its levels.

You collected 143 gold pieces.

Inventory:

Missiles
 a - 16 arrows
Scrolls
 b - a scroll of fear
 e - a scroll of amnesia {unknown}
 f - 2 scrolls of teleportation
 j - a scroll of fog
 l - 2 scrolls of identify
Potions
 d - a potion of haste
 h - 2 potions of flight
 i - a potion of might
 k - a potion of brilliance
 o - a potion of curing
Comestibles
 c - 3 rations


   Skills:
 - Level 3.3 Fighting
 - Level 2.6 Dodging
 - Level 5.0 Stealth
 + Level 3.3 Unarmed Combat
 - Level 2.0 Spellcasting
 + Level 2.1 Transmutations


You had one spell level left.
You knew the following spells:

 Your Spells              Type           Power        Failure   Level  Hunger
a - Beastly Appendage     Tmut           #.....       9%          1    #......
b - Sticks to Snakes      Tmut           #.......     14%         2    ###....
c - Spider Form           Tmut/Pois      #.........   38%         3    ###....

Your spell library contained the following spells:

 Spells                   Type           Power        Failure   Level  Hunger
 Ice Form                 Ice/Tmut       #.......     80%         4    #####..
 Blade Hands              Tmut           #.........   94%         5    ######.


Dungeon Overview and Level Annotations

Branches:
Dungeon (3/15)

Altars:
Ashenzari
Fedhas
Kikubaaqudgha
Sif Muna
Trog
Vehumet
Wu Jian
Zin

Annotations:
D:3 Ijyb


Innate Abilities, Weirdness & Mutations

You cannot wear armour.
You are incapable of wielding weapons or throwing items.
Your paws allow you to move quietly. (Stealth)
((You have sharp claws.))
((You have razor-sharp teeth.))
You have supernaturally acute eyesight. (SInv)
You are carnivorous and can eat meat at any time.
((You cover ground quickly.))
((You are covered in fur. (AC +1)))
You have a slow metabolism.
((Your sharp claws are effective at attacking unaware monsters.))


Message History

Unknown command.
Unknown command.
Unknown command.
Unknown command.
Unknown command.
You hit Ijyb but do no damage.
Ijyb is lightly wounded.
Ijyb hits you but does no damage.
You hit Ijyb but do no damage.
Ijyb is lightly wounded.
Ijyb hits you.
You hit Ijyb.
Ijyb is heavily wounded.
Ijyb hits you but does no damage.
You hit Ijyb but do no damage.
Ijyb is heavily wounded.
Ijyb zaps a wand.
The bolt of acid hits you!
You are splashed with acid!
The acid burns!
Ouch! That really hurt!
You die...

#.###.# #.# #.# #.###.# #.....#
###.### ########### #.#
####.........# #.#
#............####### #.#
#.####.####...♣....# ####.#
#.##.....##..g####.# #...###
#.#.....(.#........#####.###..
#.#.......#...#....g.......#.#
#....._.......#.#..#####.###.##
#.#.......#........# #.###.##
#.#.......#..####.## #..g†...
##.##.....##..####.# #####.#.
#..####.####.......#### #.#.


You could see Ijyb.

Vanquished Creatures
  Jessica (D:3)
  Robin (D:2)
  A gnoll (D:1)
  3 adders
  A dart slug (D:3)
  7 orcs
  5 bats
  3 giant cockroaches
  13 goblins
  11 hobgoblins
  5 jackals
  A kobold (D:3)
  A quokka (D:2)
  5 frilled lizards
  11 rats
69 creatures vanquished.

Vanquished Creatures (collateral kills)
  An ooze (D:3)
  A worm (D:3)
  An orc (D:3)
  2 hobgoblins
  A frilled lizard (D:3)
6 creatures vanquished.

Grand Total: 75 creatures vanquished

Notes
Turn   | Place    | Note
-------+----------+-------------------------------------------
     0 | D:1      | MisterFreud the Felid Transmuter began the quest for the
                  | Orb.
     0 | D:1      | Reached XP level 1. HP: 9/9 MP: 4/4
    89 | D:1      | Reached skill level 1 in Stealth
   181 | D:1      | Reached skill level 2 in Stealth
   226 | D:1      | Reached XP level 2. HP: 7/12 MP: 4/6
   230 | D:1      | Learned a level 2 spell: Sticks to Snakes
   656 | D:1      | Reached skill level 3 in Stealth
  1033 | D:2      | Reached skill level 4 in Stealth
  1041 | D:2      | Reached XP level 3. HP: 13/15 MP: 7/7
  1046 | D:2      | Learned a level 3 spell: Spider Form
  1191 | D:2      | Reached skill level 5 in Stealth
  1338 | D:2      | Reached XP level 4. HP: 19/19 MP: 5/8
  1345 | D:2      | Found a shattered altar of Ashenzari.
  1354 | D:2      | Noticed Robin
  1381 | D:2      | Killed Robin
  1584 | D:2      | Found a bloodstained altar of Trog.
  2620 | D:3      | Noticed Jessica
  2628 | D:3      | Killed Jessica
  2628 | D:3      | Reached XP level 5. HP: 19/24 MP: 7/9
  2731 | D:3      | Found a glowing silver altar of Zin.
  2731 | D:3      | Found a deep blue altar of Sif Muna.
  2732 | D:3      | Found an ancient bone altar of Kikubaaqudgha.
  2733 | D:3      | Found a radiant altar of Vehumet.
  2739 | D:3      | Found a blossoming altar of Fedhas.
  2841 | D:3      | Found an ornate altar of the Wu Jian Council.
  2846 | D:3      | Noticed Ijyb
  2852 | D:3      | Killed from afar by Ijyb
  2853 | D:3      | Reached XP level 4. HP: -1/21 MP: 8/8
  2881 | D:3      | Splashed by Ijyb's acid

Vault maps used:
D:1:      sevenhm_arrival_forest_fort_small_6, serial_forest,
          infiniplex_forest_clump_double, infiniplex_forest_straight_1,
          infiniplex_forest_end_3, infiniplex_forest_lined_ring,
          infiniplex_forest_clump_medium, infiniplex_forest_straight_2,
          infiniplex_forest_clump_double, infiniplex_forest_straight_3
D:2:      nicolae_overflow_hidden_temple, evilmike_ruin_ashenzari, uniq_robin
D:3:      chequers_temple_overflow_statue_of_worship, old_standard_altar,
          nicolae_overflow_crystal_walls, biasface_ghost_orc_armoury,
          kennysheep_generic_room_16, uniq_jessica, uniq_crazy_yiuf_cottage,
          uniq_ijyb

Skill      XL: |  1  2  3  4 |
---------------+-------------+-----
Stealth        | 2 4 5 |  5.0
Fighting       | 3 |  3.3
Dodging        | |  2.6
Unarmed Combat | |  3.3
Spellcasting   | |  2.0
Transmutations | |  2.1

Action                   |  1- 3 |  4- 6 || total
-------------------------+-------+-------++-------
Melee: Unarmed           |    70 |   101 ||   171
       Bite              |     7 |    10 ||    17
       Headbutt          |     7 |     7 ||    14
       Punch             |       |     1 ||     1
 Cast: Beastly Appendage |    18 |    16 ||    34
       Sticks to Snakes  |     2 |     8 ||    10
  Use: Scroll            |     6 |    10 ||    16
       Potion            |       |     2 ||     2
 Stab: Sleeping          |     8 |     9 ||    17
  Eat: Chunk             |     8 |     8 ||    16
Armor: Skin              |     3 |     9 ||    12
Dodge: Dodged            |    46 |    55 ||   101

Table legend:
 A = Non-vault XP
 B = Vault XP
 C = Vault XP percentage of total XP
 D = Non-vault monster count
 E = Vault monster count
 F = Vault count percentage of total count
                 A         B        C        D         E       F
            +---------+---------+-------+---------+---------+-------
      Total |     163 |      72 |  30.6 |      61 |      14 |  18.7
            +---------+---------+-------+---------+---------+-------
        D:1 |      36 |       0 |   0.0 |      16 |       0 |   0.0
        D:2 |      62 |      32 |  34.0 |      24 |      11 |  31.4
        D:3 |      65 |      40 |  38.1 |      21 |       3 |  12.5
            +---------+---------+-------+---------+---------+-------
